 Dungeon Crawl Stone Soup version 0.26.0-20-g3ca415f5b8 (webtiles) character file.

Game seed: 7675556250899800200

81 thiole the Sneak (level 4, -6/27 HPs)
             Began as an Octopode Hedge Wizard on Jan 24, 2021.
             Mangled by a gnoll
             ... wielding a +0 spear
              (9 damage)
             ... on level 2 of the Dungeon.
             The game lasted 00:03:19 (2008 turns).

thiole the Sneak (Octopode Hedge Wizard)            Turns: 2008, Time: 00:03:19

Health: -6/27      AC:  1    Str:  9    XL:     4   Next: 40%
Magic:  9/9        EV: 13    Int: 17    God:
Gold:   93         SH:  0    Dex: 11    Spells: 8/9 levels left

rFire    . . .     SeeInvis .   i - +2 dagger (speed)
rCold    . . .     Faith    .   (no shield)
rNeg     . . .     Spirit   .   b - +0 hat
rPois    .         Reflect  .   (no amulet)
rElec    .         Harm     .   (no ring)
rCorr    .         Rampage  .   (no ring)
Will     .....                  (no ring)
Stlth    +++.......             (no ring)
HPRegen  0.09/turn              (no ring)
MPRegen  0.11/turn              (no ring)
                                (no ring)
                                (no ring)

@: mighty
A: almost no armour, stealthy swim, amphibious, 8 rings, constrict 8, camouflage
1, gelatinous body 1
a: no special abilities


You were on level 2 of the Dungeon.
You visited 1 branch of the dungeon, and saw 2 of its levels.

You collected 93 gold pieces.

Inventory:

Hand Weapons
 a - a +0 dagger
 i - a +2 dagger of speed (weapon)
Armour
 b - a +0 hat (worn)
Jewellery
 e - a cursed amulet of inaccuracy {unknown}
Scrolls
 c - a scroll of noise {unknown}
 d - a scroll of magic mapping
Potions
 h - a potion of invisibility {unknown}


   Skills:
 - Level 2.0 Dodging
 + Level 3.6 Stealth
 + Level 3.4 Spellcasting
 * Level 2.6 Conjurations
 - Level 2.0 Summonings
 - Level 1.0 Translocations


You had 8 spell levels left.
You knew the following spells:

 Your Spells              Type           Power        Failure   Level
a - Magic Dart            Conj           44%          6%          1

Your spell library contained the following spells:

 Spells                   Type           Power        Failure   Level
 Call Imp                 Summ           9%           11%         2
 Blink                    Tloc           N/A          17%         2
 Slow                     Hex            2%           26%         2
 Conjure Flame            Conj/Fire      7%           30%         3
 Mephitic Cloud           Conj/Pois/Air  5%           34%         3


Dungeon Overview and Level Annotations

Branches:
Dungeon (2/15)

Altars:


Innate Abilities, Weirdness & Mutations

You cannot wear most types of armour.
You are very stealthy in the water. (Stealth+)
You are amphibious.
You can wear up to eight rings at the same time.
You can use your tentacles to constrict eight enemies at once.
Your skin changes colour to match your surroundings (Stealth+).
Your rubbery body absorbs attacks. (AC +1, EV +1)


Message History

You hit the adder. Your grab misses the adder.
The adder is lightly wounded.
The adder bites you.
You are poisoned.
The adder poisons you!
You closely miss the adder. Your grab misses the adder.
Your squeeze misses the adder.
The adder is lightly wounded.
You feel sick. The adder closely misses you.
You feel sick. The adder bites you.
* * * LOW HITPOINT WARNING * * *
It was a potion of curing.
You feel better.
The gnoll hits you from afar with a +0 spear.
* * * LOW HITPOINT WARNING * * *
The adder bites you.
* * * LOW HITPOINT WARNING * * *
It was a potion of might.
You feel very mighty all of a sudden.
The gnoll hits you from afar with a +0 spear!
You die...

**,****,****###.#*#.#,#####,*,***
,,,,,,,,,,,,...............,,,***
,,,,,,,,,,,,......#K#....K.,,,,**
,,*,,*,,,*,,#..g......S...#,,**,*
,*,,,,*,*,,,,*,,,,#K#,,,,*,,,**,,
*###*#####*###***##g#######****,*
##.###...###.## ##g##(†#..##*,,**
#.#...###.#.#.###S#####.##.##,**
#.#####*##.###.†@####..####.#,*
##.##,,*#.## ####.##.######.#,*
*##.##*..#* ##..## #8.##**
*###.#######################
*#.........................#*
#≈≈≈≈≈≈≈≈≈≈≈≈≈≈≈≈≈≈≈≈≈≈≈≈≈≈≈*
#≈≈≈≈≈≈≈≈≈≈≈≈≈≈≈≈≈≈≈≈≈≈≈≈≈≈≈*
##.................†..)....#*
*###################'#######****


You could see a gnoll, an adder, a hobgoblin and a kobold.

Vanquished Creatures
  A hound (D:2)
  An adder (D:2)
  A worm (D:2)
  A dart slug (D:1)
  A leopard gecko (D:1)
  5 giant cockroaches
  5 goblins
  3 hobgoblins
  2 jackals (D:1)
  A kobold (D:1)
  5 bats
  5 frilled lizards
  A leopard gecko zombie (D:2)
  5 rats
37 creatures vanquished.

Notes
Turn   | Place    | Note
-------+----------+-------------------------------------------
     0 | D:1      | thiole the Octopode Hedge Wizard began the quest for the
                  | Orb.
     0 | D:1      | Reached XP level 1. HP: 11/11 MP: 4/4
   338 | D:1      | Reached XP level 2. HP: 9/17 MP: 0/6
  1217 | D:1      | Reached XP level 3. HP: 21/21 MP: 4/7
  1562 | D:2      | Reached XP level 4. HP: 27/27 MP: 6/9
  2008 | D:2      | Mangled by a gnoll

Illustrated notes

Levels and vault maps discovered:
D:1:      heliophobic_arrival_enchanted_forest, layout_loops_ring
D:2:      wad_river_or_something, layout_loops_ring

Skill      XL: |  1  2  3 |
---------------+----------+-----
Stealth        | 3 |  3.6
Conjurations   | 2 |  2.6
Summonings     | 2 |  2.0
Dodging        | |  2.0
Spellcasting   | |  3.4
Translocations | |  1.0

Action                   |  1- 3 |  4- 6 || total
-------------------------+-------+-------++-------
Melee: Dagger            |    15 |     5 ||    20
       Constrict         |     5 |     1 ||     6
       Tentacles         |     3 |     1 ||     4
 Cast: Magic Dart        |    62 |    30 ||    92
  Use: Scroll            |     1 |       ||     1
       Potion            |       |     2 ||     2
 Stab: Sleeping          |       |     1 ||     1
Armor: Skin              |     4 |     1 ||     5
Dodge: Dodged            |    20 |     7 ||    27
